 Dungeon Crawl Stone Soup version 0.21.1-1-g345015f (webtiles) character file.

214 Mirai the Sneak (level 6, 0/36 HPs)
             Began as a Kobold Enchanter on Apr 23, 2018.
             Was an Initiate of Okawaru.
             Slain by a crimson imp (3 damage)
             ... on level 3 of the Dungeon.
             The game lasted 00:15:21 (3616 turns).

Mirai the Sneak (Kobold Enchanter)                  Turns: 3616, Time: 00:15:21

Health: 0/36       AC:  3    Str:  5    XL:     6   Next: 14%
Magic:  0/9        EV: 17    Int: 17    God:    Okawaru [......]
Gold:   110        SH:  0    Dex: 17    Spells: 6/9 levels left

rFire    . . .     SeeInvis .   o - +0 rapier
rCold    . . .     Gourm    .   (shield restricted)
rNeg     . . .     Faith    .   b - +1 robe
rPois    .         Spirit   .   (no helmet)
rElec    .         Reflect  .   (no cloak)
rCorr    .         Harm     .   (no gloves)
MR       .....                  (no boots)
Stlth    +++.......             (no amulet)
HPRegen  0.12/turn              (no ring)
MPRegen  0.11/turn              (no ring)

@: hasted, very quick
A: small, carnivore
a: Renounce Religion


You were on level 3 of the Dungeon.
You worshipped Okawaru.
Okawaru was noncommittal.
You were completely stuffed.

You visited 1 branch of the dungeon, and saw 3 of its levels.

You collected 110 gold pieces.

Inventory:

Hand Weapons
 o - a +0 rapier (weapon)
Armour
 b - a +1 robe (worn)
 i - a +0 leather armour
Scrolls
 k - a scroll of remove curse
Potions
 e - 2 potions of haste
 l - a potion of lignification {unknown}
Books
 c - a book of Maledictions

   Spells                             Type                      Level
   a - Corona                         Hexes                        1
   b - Ensorcelled Hibernation        Hexes/Ice                    2
   c - Confuse                        Hexes                        3
   d - Tukima's Dance                 Hexes                        3
   e - Dazzling Spray                 Conjuration/Hexes            3
Comestibles
 a - a chunk of flesh
 d - 4 rations


   Skills:
 + Level 2.5 Fighting
 + Level 3.7 Short Blades
 + Level 4.0 Dodging
 + Level 5.5 Stealth
 - Level 2.1 Spellcasting
 + Level 3.4 Hexes


You had 6 spell levels left.
You knew the following spells:

 Your Spells              Type           Power        Failure   Level  Hunger
a - Corona                Hex            ##.....      4%          1    #......
b - Ensorcelled Hibernat  Hex/Ice        #.....       14%         2    ###....


Dungeon Overview and Level Annotations

Branches:
Dungeon (3/15)

Altars:
Okawaru
Sif Muna
Xom


Innate Abilities, Weirdness & Mutations

You are small and have problems with some larger weapons.
You are carnivorous and can eat meat at any time.


Message History

The crimson imp closely misses you.
You barely miss the crimson imp.
The crimson imp is moderately wounded.
The crimson imp completely misses you.
You hit the crimson imp.
The crimson imp is severely wounded.
You hit the crimson imp but do no damage.
The crimson imp is severely wounded.
The crimson imp barely misses you.
You closely miss the crimson imp.
The crimson imp is heavily wounded.
The crimson imp hits you.
* * * LOW HITPOINT WARNING * * *
Unknown command.
You hit the crimson imp but do no damage.
The crimson imp is heavily wounded.
You closely miss the crimson imp.
The crimson imp is heavily wounded.
The crimson imp hits you.
You die...

### #.. #.# #.#### #.#
#.#.. #.# #.#.# ## #.#
####.#.#...# #.#
.........# #.##
####.#.### #..## #.#...
#@5.# #.#######
####)#### ####........
#.......#
.....############.5.###
..............#.......#
.....)....o...####'####
.....########..o...#
.....o.....#########
####.......#


You could see a crimson imp.

Vanquished Creatures
  2 orc priests (D:3)
  Jessica (D:2)
  4 adders
  2 oozes
  A worm (D:2)
  2 dart slugs (D:1)
  2 leopard geckos (D:1)
  2 orcs (D:3)
  11 bats
  6 giant cockroaches
  7 goblins
  5 hobgoblins
  7 jackals
  3 quokkas (D:2)
  3 frilled lizards (D:1)
  6 kobolds
  9 rats
73 creatures vanquished.

Notes
Turn   | Place    | Note
-------+----------+-------------------------------------------
     0 | D:1      | Mirai the Kobold Enchanter began the quest for the Orb.
     0 | D:1      | Reached XP level 1. HP: 10/10 MP: 3/3
   184 | D:1      | Reached XP level 2. HP: 7/16 MP: 0/5
   428 | D:1      | Learned a level 2 spell: Ensorcelled Hibernation
   449 | D:1      | Reached skill level 1 in Fighting
   696 | D:1      | Reached XP level 3. HP: 20/20 MP: 6/6
  1081 | D:1      | HP: 1/20 [kobold (3)]
  1846 | D:2      | Reached XP level 4. HP: 14/25 MP: 3/7
  2339 | D:2      | Noticed Jessica
  2351 | D:2      | Killed Jessica
  2351 | D:2      | Reached skill level 5 in Stealth
  2351 | D:2      | Reached XP level 5. HP: 30/30 MP: 5/8
  3136 | D:3      | Found an iron altar of Okawaru.
  3146 | D:3      | Became a worshipper of Warmaster Okawaru
  3382 | D:3      | Found a deep blue altar of Sif Muna.
  3576 | D:3      | Found a shimmering altar of Xom.
  3602 | D:3      | Reached XP level 6. HP: 3/36 MP: 1/9
  3616 | D:3      | Slain by a crimson imp

Skill      XL: |  1  2  3  4  5 |
---------------+----------------+-----
Short Blades   | 2 3 |  3.7
Fighting       | 1 2 |  2.5
Dodging        | 3 4 |  4.0
Stealth        | 5 |  5.5
Spellcasting   | |  2.1
Hexes          | |  3.4

Action                   |  1- 3 |  4- 6 || total
-------------------------+-------+-------++-------
Melee: Dagger            |   135 |   142 ||   277
       Rapier            |       |    44 ||    44
 Cast: Corona            |    13 |     1 ||    14
       Ensorcelled Hiber |    18 |    26 ||    44
  Use: Potion            |     2 |     2 ||     4
       Scroll            |     2 |     1 ||     3
 Stab: Sleeping          |    15 |    15 ||    30
  Eat: Chunk             |    13 |     8 ||    21
Armor: Robe              |    31 |    29 ||    60
Dodge: Dodged            |   171 |   149 ||   320
